 Dungeon Crawl Stone Soup version 0.27.1-34-g3ba077fa99 (webtiles) character file.

Game seed: 6523697944381069100

263 Froggeryz the Cudgeller (level 5, 0/67 HPs)
             Began as a Minotaur Fighter on Feb 11, 2022.
             Was an Initiate of Qazlal.
             Succumbed to a scorpion's poison
             ... on level 4 of the Dungeon on Feb 12, 2022.
             The game lasted 00:02:53 (2589 turns).

Froggeryz the Cudgeller (Minotaur Fighter)          Turns: 2589, Time: 00:02:54

Health: 0/67       AC:  7    Str: 22    XL:     5   Next: 97%
Magic:  4/4        EV:  7    Int:  5    God:    Qazlal [......]
Gold:   83         SH: 10    Dex:  9    Spells: 4/4 levels left

rFire    . . .     SeeInvis .   a - +0 flail
rCold    . . .     Faith    .   c - +0 kite shield
rNeg     . . .     Spirit   .   b - +0 scale mail
rPois    .         Reflect  .   (helmet restricted)
rElec    .         Harm     .   (no cloak)
rCorr    .         Rampage  .   (no gloves)
Will     .....                  (no boots)
Stlth    ..........             (no amulet)
HPRegen  0.21/turn              (no ring)
MPRegen  0.09/turn              (no ring)

@: berserking (expiring), lethally poisoned (0 -> -3), flying, very slightly
contaminated, hasted, invisible, very quick
A: horns 2, retaliatory headbutt
a: Renounce Religion


You were on level 4 of the Dungeon.
You worshipped Qazlal.
Qazlal was noncommittal.
You visited 1 branch of the dungeon, and saw 4 of its levels.

You collected 83 gold pieces.

Inventory:

Hand Weapons
 a - a +0 flail (weapon)
Armour
 b - a +0 scale mail (worn)
 c - a +0 kite shield (worn)
Wands
 j - a wand of iceblast (6)
Scrolls
 f - a scroll of magic mapping {unknown}
 g - a scroll of enchant weapon {unknown}
 k - 3 scrolls of enchant armour {unknown}
 m - a scroll of teleportation {unknown}
 n - a scroll of fog {unknown}
Potions
 d - a potion of might
 h - a potion of flight
 l - a potion of lignification {unknown}
 o - a potion of haste


   Skills:
 - Level 3.6 Fighting
 * Level 6.4 Maces & Flails
 + Level 4.2 Armour
 - Level 5.0 Shields


You had 4 spell levels left.
You didn't know any spells.
Your spell library contained the following spells:

 Spells                   Type           Power      Damage    Failure   Level
 Gell's Gravitas          Tloc           0%         N/A       100%        3
 Lesser Beckoning         Tloc           0%         N/A       100%        3
 Teleport Other           Tloc           0%         N/A       100%        3
 Passage of Golubria      Tloc           N/A        N/A       100%        4
 Silence                  Hex/Air        0%         N/A       100%        5
 Lehudib's Crystal Spear  Conj/Erth      0%         10d2      100%        8


Dungeon Overview and Level Annotations

Branches:
Dungeon (4/15)
 Temple: D:4-7

Altars:
Ashenzari
Qazlal

Shops:
D:1 [**   D:3 [


Innate Abilities, Weirdness & Mutations

You have a pair of horns on your head.
You reflexively headbutt those who attack you in melee.


Message History

Your Maces & Flails skill increases to level 6!
Your Armour skill increases to level 4!
You hit the endoplasm.
The endoplasm is moderately wounded.
* * * LOW HITPOINT WARNING * * *
You feel very sick. The endoplasm hits you.
* * * LOW HITPOINT WARNING * * *
It was a potion of flight.
You feel very buoyant.
You fly up into the air.
* * * LOW HITPOINT WARNING * * *
You feel very sick. You block the endoplasm's attack.
It was a potion of haste.
You feel yourself speed up.
* * * LOW HITPOINT WARNING * * *
You feel sick.
The endoplasm hits you but does no damage.
It was a potion of invisibility.
You fade into invisibility!
* * * LOW HITPOINT WARNING * * *
You feel sick. You block the endoplasm's attack.
You are very lightly contaminated with residual magic.
It was a potion of berserk rage.
A red film seems to cover your vision as you go berserk!
You feel yourself moving faster!
You feel mighty!
* * * LOW HITPOINT WARNING * * *
You feel sick. The endoplasm barely misses you. You furiously retaliate!
You headbutt the endoplasm. You sock the endoplasm!
You kill the endoplasm!
Qazlal accepts your kill.
* * * LOW HITPOINT WARNING * * *
You feel sick.
You feel a strong urge to attack something.
* * * LOW HITPOINT WARNING * * *
You feel sick.
Okay, then.
You feel your anger nearly subside.
You die...

#..... . #.... #.....
#=:.##.[+..... #.....
#.#..#.##..... #.....
....#....... ######
#.......... #########
#.#....#.#### #........
.##...........######........
...........@...............(
#..$.....##<######........
#........#### #........
....######.# #........ #..
#.# #........ # #.#
#........ #.# ######### #.#
#.#


There were no monsters in sight!

Vanquished Creatures
  A necrophage (D:3)
  A scorpion (D:4)
  A hound (D:4)
  A gnoll (D:1)
  2 adders
  A dart slug (D:2)
  3 orcs
  3 ball pythons
  7 endoplasms
  2 giant cockroaches
  6 goblins
  4 hobgoblins
  3 kobolds
  6 quokkas
  4 bats
  A frilled lizard (D:2)
  4 rats
50 creatures vanquished.

Notes
Turn   | Place    | Note
-------+----------+-------------------------------------------
     0 | D:1      | Froggeryz the Minotaur Fighter began the quest for the Orb.
     0 | D:1      | Reached XP level 1. HP: 19/19 MP: 0/0
   239 | D:1      | Found Ihyuseg's Armour Boutique.
   275 | D:1      | Found Qeog's General Store.
   278 | D:1      | Reached skill level 3 in Maces & Flails
   282 | D:1      | Reached XP level 2. HP: 22/26 MP: 1/1
   353 | D:1      | Found Waock's General Store.
   796 | D:2      | Found a stormy altar of Qazlal.
   814 | D:2      | Reached XP level 3. HP: 31/31 MP: 2/2
   974 | D:2      | Became a worshipper of Qazlal Stormbringer
   981 | D:2      | Reached skill level 4 in Maces & Flails
  1523 | D:3      | Found a faded altar of an unknown god.
  1710 | D:3      | Found Dooneghu's Antique Armour Shoppe.
  1756 | D:3      | Reached XP level 4. HP: 39/39 MP: 3/3
  1995 | D:3      | Noticed a necrophage
  2005 | D:3      | Killed a necrophage
  2006 | D:3      | Reached skill level 5 in Maces & Flails
  2006 | D:3      | Reached skill level 5 in Shields
  2006 | D:3      | Reached XP level 5. HP: 45/45 MP: 4/4
  2060 | D:3      | Found a broken altar of Ashenzari.
  2580 | D:4      | Reached skill level 6 in Maces & Flails
  2583 | D:4      | HP: 2/45 [poisoned by a scorpion]
  2589 | D:4      | Succumbed to a scorpion's poison

Illustrated notes

Levels and vault maps discovered:
D:1:      minmay_arrival_doors, layout_rooms, serial_shops, nicolae_shop_stone,
          nicolae_diamond_shop, shop
D:2:      layout_loops_ring, basic_altar
D:3:      layout_loops_corners, lemuel_coloured_pillars_altar, serial_shops,
          nicolae_shop_stone, shapermc_ecumenical_altar_starsandcircs
D:4:      layout_basic, mainiacjoe_overflow_catwalk

Skill      XL: |  1  2  3  4  5 |
---------------+----------------+-----
Maces & Flails | 3 4 5 6 |  6.4
Shields        | 4 5 |  5.0
Armour         | 4 |  4.2
Fighting       | |  3.6

Action                   |  1- 3 |  4- 6 || total
-------------------------+-------+-------++-------
Melee: Flail             |    83 |    43 ||   126
       Headbutt          |     8 |     7 ||    15
  Use: Potion            |       |     4 ||     4
Armor: Scale mail        |    36 |    14 ||    50
Dodge: Dodged            |    26 |    17 ||    43
Block: Kite shield       |    38 |    19 ||    57
